 Dungeon Crawl Stone Soup version 0.30.1-11-g7821555f0a (webtiles) character file.

Game seed: 12031644029506733405

113 monsoonserge the Gusty (level 4, -3/24 HPs)
             Began as a Tengu Air Elementalist on Nov 16, 2023.
             Was an Initiate of Vehumet.
             Slain by Pikel
             ... wielding a +2 whip of freezing
              (6 damage)
             ... on level 4 of the Dungeon.
             The game lasted 00:08:53 (2990 turns).

monsoonserge the Gusty (Tengu Air Elementalist)     Turns: 2990, Time: 00:08:54

Health: -3/24      AC:  3    Str:  8    XL:     4   Next: 96%
Magic:  7/9        EV: 12    Int: 17    God:    Vehumet [......]
Gold:   196        SH:  0    Dex: 15    Spells: 1/9 levels left

rFire   . . .        k - +1 short sword (holy)
rCold   . . .        (no shield)
rNeg    + . .        e - +0 leather armour {rN+}
rPois   .            (helmet restricted)
rElec   .            (no cloak)
rCorr   .            (no gloves)
SInv    .            (boots unavailable)
Will    .....        (no amulet)
Stlth   ++           y - ring of flight
HPRegen 0.24/turn    (no ring)
MPRegen 0.11/turn

%: no passive effects
@: flying
A: beak, talons 3
a: Renounce Religion


You were on level 4 of the Dungeon.
You worshipped Vehumet.
Vehumet was noncommittal.
You visited 1 branch of the dungeon, and saw 4 of its levels.

You collected 196 gold pieces.

Inventory:

Hand Weapons
 k - a +1 short sword of holy wrath (weapon)
Missiles
 a - 2 boomerangs
 p - 3 poisoned darts
 x - 2 atropa-tipped darts (quivered)
Armour
 e - a +0 leather armour of positive energy (worn)
Jewellery
 y - a ring of flight (left hand)
Scrolls
 d - 3 scrolls of identify {unknown}
 f - 2 scrolls of magic mapping {unknown}
 h - a scroll of immolation {unknown}
 j - a scroll of blinking {unknown}
 m - a scroll of noise {unknown}
 n - 2 scrolls of teleportation {unknown}
 o - 2 scrolls of amnesia {unknown}
 q - a scroll of enchant weapon {unknown}
 t - a scroll of silence {unknown}
 v - a scroll of fog {unknown}
Potions
 b - a potion of magic
 c - 2 potions of curing {unknown}
 g - 2 potions of mutation {unknown}
 i - a potion of brilliance {unknown}
 l - a potion of berserk rage {unknown}
 r - 2 potions of attraction {unknown}
 s - a potion of haste {unknown}
 u - a potion of ambrosia {unknown}
 w - a potion of might {unknown}


   Skills:
 * Level 2.0 Armour
 + Level 2.6 Dodging
 - Level 2.0 Stealth
 + Level 3.0 Spellcasting
 + Level 2.3 Conjurations
 + Level 5.0 Air Magic


You had one spell level left.
You knew the following spells:

 Your Spells              Type           Power      Damage    Failure   Level
a - Shock                 Conj/Air       60%        1d6       5%          1
b - Swiftness             Air            19%        N/A       10%         3
c - Airstrike             Air            9%         2d(2-18)  30%         4

Your spell library contained the following spells:

 Spells                   Type           Power      Damage    Failure   Level
 Static Discharge         Conj/Air       30%        2-4/arc   9%          2
 Scorch                   Fire           4%         2d5       36%         2
 Flame Wave               Conj/Fire      6%         2d5       83%         4
 Summon Cactus Giant      Summ           1%         N/A       100%        6


Dungeon Overview and Level Annotations

Branches:
Dungeon (4/15)
 Temple: D:4-7

Altars:
Vehumet

Shops:
D:3 (

Annotations:
D:4 1 runed translucent door, Crazy Yiuf, Eustachio, Pikel


Innate Abilities, Weirdness & Mutations

You have a beak for a mouth.
You have claws for feet.


Message History

Aim: Pikel, wielding a +2 whip of freezing and wearing a +2 robe of cold resistance (64% to hit)
The zap hits Pikel.
Pikel is lightly wounded.
The zap hits the black bear.
The black bear is lightly wounded.
The zap misses the lemure.
Pikel barely misses you.
Unknown command.
Casting: Shock (safe; 5% risk of failure)
Confirm with . or Enter, or press ? or * to list all spells.
Aiming: Shock (safe; 5% risk of failure)
Press: ? - help, Shift-Dir - straight line, f/p - Pikel
Aim: Pikel, wielding a +2 whip of freezing and wearing a +2 robe of cold resistance (lightly wounded, 64% to hit)
The zap hits Pikel but does no damage.
Pikel is lightly wounded.
The zap hits the black bear.
The black bear is lightly wounded.
The zap hits the lemure.
The lemure is lightly wounded.
Pikel hits you with a +2 whip of freezing!
Pikel freezes you.
Casting: Shock (safe; 5% risk of failure)
Confirm with . or Enter, or press ? or * to list all spells.
Okay, then.
Throw: 3 darts (atropa)
Press: ? - help, Q - select action, (/) - cycle Shift-Dir - straight line, f/p - Pikel
Aim: Pikel, wielding a +2 whip of freezing and wearing a +2 robe of cold resistance (lightly wounded, 50% to hit, chance to blind on hit: 22%)
Okay, then.
Throw: 3 darts (atropa)
Press: ? - help, Q - select action, (/) - cycle Shift-Dir - straight line, f/p - Pikel
Aim: Pikel, wielding a +2 whip of freezing and wearing a +2 robe of cold resistance (lightly wounded, 50% to hit, chance to blind on hit: 22%)
You throw an atropa-tipped dart.
The atropa-tipped dart barely misses Pikel.
The atropa-tipped dart barely misses the black bear.
The atropa-tipped dart hits the lemure.
The lemure resists.
The lemure is lightly wounded.
Pikel hits you with a +2 whip of freezing!
* * * LOW HITPOINT WARNING * * *
Pikel freezes you.
You die...

#..#
#######..#
#........#
#.######.###
..........#
..###.###.#
#.... #.#
#....h#.#
....>5hK@#
..#...55#.#
..#.....#.#
###.# #.#
... ..# ###
.## #


You could see Pikel, a black bear, 3 lemures and a hound.

Vanquished Creatures
  4 adders
  2 worms
  3 dart slugs
  An orc (D:2)
  9 endoplasms
  A giant cockroach (D:1)
  5 goblins
  4 hobgoblins
  4 jackals
  2 quokkas
  5 ball pythons (D:1)
  9 bats
  2 frilled lizards
  6 kobolds
  4 rats (D:1)
61 creatures vanquished.

Notes
Turn   | Place    | Note
-------+----------+-------------------------------------------
     0 | D:1      | monsoonserge the Tengu Air Elementalist began the quest for
                  | the Orb.
     0 | D:1      | Reached XP level 1. HP: 10/10 MP: 4/4
   187 | D:1      | Reached XP level 2. HP: 15/15 MP: 4/6
   660 | D:1      | Reached XP level 3. HP: 19/19 MP: 3/7
   818 | D:1      | Reached skill level 1 in Armour
  1137 | D:1      | Learned a level 3 spell: Swiftness
  1451 | D:2      | Reached XP level 4. HP: 21/24 MP: 4/9
  1457 | D:2      | Learned a level 4 spell: Airstrike
  1645 | D:2      | Found a radiant altar of Vehumet.
  1659 | D:2      | Became a worshipper of Vehumet
  2047 | D:3      | Found Afinak's Antique Weapon Shoppe.
  2200 | D:3      | Found a faded altar of an unknown god.
  2522 | D:3      | Reached skill level 5 in Air Magic
  2758 | D:4      | Found a runed translucent door.
  2759 | D:4      | Noticed Crazy Yiuf
  2797 | D:4      | Noticed Eustachio
  2985 | D:4      | Noticed Pikel
  2985 | D:4      | Noticed a lemure
  2985 | D:4      | Noticed a lemure
  2985 | D:4      | Noticed a lemure
  2986 | D:4      | Noticed a black bear
  2986 | D:4      | Noticed a lemure
  2990 | D:4      | Slain by Pikel

Illustrated notes

Levels and vault maps discovered:
D:1:      saegor_arrival_simple_b, layout_loops_ring
D:2:      layout_rooms, basic_altar, minmay_hexomino_p4
D:3:      layout_basic, basic_ecumenical_altar, serial_shops,
          nicolae_shop_dealshenge, st_stairs_12, kennysheep_generic_room_6
D:4:      layout_loops_ring, minmay_temple_entry_fiery, serial_shops,
          nicolae_shop_peninsula, minmay_misc_feat_hallway, st_stairs_3,
          minmay_misc_feat_columns, guppyfry_shop_venom,
          uniq_crazy_yiuf_cottage, uniq_pikel, uniq_eustachio

Skill      XL: |  1  2  3  4 |
---------------+-------------+-----
Armour         | 1 2 |  2.0
Conjurations   | 2 |  2.3
Spellcasting   | 3 |  3.0
Air Magic      | 5 |  5.0
Dodging        | |  2.6
Stealth        | |  2.0

Action                     |  1- 3 |  4- 6 || total
---------------------------+-------+-------++-------
  Melee: Dagger            |     2 |       ||     2
         Peck              |     1 |     1 ||     2
         Kick              |     1 |       ||     1
         Short sword       |       |     4 ||     4
  Throw: Dart              |       |     1 ||     1
   Cast: Shock             |    69 |    68 ||   137
 Armour: Robe              |     1 |       ||     1
         Leather armour    |    10 |     3 ||    13
  Dodge: Dodged            |    18 |    15 ||    33
